 Dungeon Crawl Stone Soup version 0.26-a0-79-g47e9afce7f (webtiles) character file.

Game seed: 8243090529534029799

15 vurker the Vexing (level 2, -2/22 HPs)
             Began as a Formicid Arcane Marksman on June 16, 2020.
             Slain by a hobgoblin
             ... wielding a +0 club
              (5 damage)
             ... on level 1 of the Dungeon.
             The game lasted 00:00:24 (146 turns).

vurker the Vexing (Formicid Arcane Marksman)         Turns: 146, Time: 00:00:24

Health: -2/22      AC:  2    Str: 14    XL:     2   Next: 65%
Magic:  3/3        EV: 12    Int: 12    God:
Gold:   26         SH:  0    Dex: 11    Spells: 2/3 levels left

rFire    . . .     SeeInvis +   b - +0 whip
rCold    . . .     Gourm    .   (no shield)
rNeg     . . .     Faith    .   f - +0 robe
rPois    .         Spirit   .   (helmet unavailable)
rElec    .         Reflect  .   (no cloak)
rCorr    .         Harm     .   (no gloves)
MR       .....                  (no boots)
Stlth    +.........             (no amulet)
HPRegen  0.07/turn              (no ring)
MPRegen  0.08/turn              (no ring)

@: no status effects
A: permanent stasis, dig shafts and tunnels, four strong arms, antennae 3
a: Dig, Shaft Self


You were on level 1 of the Dungeon.
You were not hungry.

You visited 1 branch of the dungeon, and saw 1 of its levels.

You collected 26 gold pieces.

Inventory:

Hand Weapons
 a - a +0 hand crossbow
 b - a +0 whip (weapon)
   (You took it off a gnoll on level 1 of the Dungeon)
Missiles
 d - 18 bolts
Armour
 f - a +0 robe (worn)
Scrolls
 c - a scroll of remove curse {unknown}
 j - a scroll of identify {unknown}
Potions
 h - a potion of curing {unknown}
 i - 2 potions of ambrosia {unknown}
Comestibles
 e - a ration
 g - 7 chunks of flesh


   Skills:
 + Level 1.7 Fighting
 * Level 2.7 Crossbows
 - Level 1.7 Dodging
 - Level 1.1 Spellcasting
 - Level 3.6 Hexes


You had 2 spell levels left.
You knew the following spells:

 Your Spells              Type           Power        Failure   Level  Hunger
a - Corona                Hex            #......      7%          1    ##.....

Your spell library contained the following spells:

 Spells                   Type           Power        Failure   Level  Hunger
 Slow                     Hex            #.......     11%         2    ###....
 Inner Flame              Hex/Fire       #.......     38%         3    ####...
 Portal Projectile        Hex/Tloc       #.....       38%         3    ####...
 Cause Fear               Hex            #.........   56%         4    #####..
 Leda's Liquefaction      Hex/Erth       #.........   80%         4    #####..


Dungeon Overview and Level Annotations

Branches:
Dungeon (1/15)

Altars:


Innate Abilities, Weirdness & Mutations

You cannot be hasted, slowed, berserked, paralysed or teleported.
You can dig through walls and to a lower floor.
Your four strong arms can wield two-handed weapons with a shield.
You have a pair of large antennae on your head. (SInv)


Message History

d - 18 bolts (gained 1)
Found a scroll labeled UDGHIM FYELAU.
i - a fuming pink potion
j - a scroll labeled UDGHIM FYELAU
Found a fuming pink potion.
A kobold comes into view.
A kobold is nearby!
A kobold is nearby!
The kobold hits you.
You hit the kobold but do no damage. The kobold closely misses you.
The kobold hits you.
You closely miss the kobold. The kobold barely misses you.
You hit the kobold but do no damage. The kobold closely misses you.
You hit the kobold. The kobold closely misses you.
You hit the kobold.
You kill the kobold!
No target in view!
No target in view!
No target in view!
No target in view!
No target in view!
No target in view!
No target in view!
No target in view!
i - 2 fuming pink potions (gained 1)
You sense a monster nearby.
Found an escape hatch in the floor.
Found two stone staircases leading down.
A hobgoblin comes into view. It is wielding a +0 club.
The hobgoblin shouts!
A hobgoblin is nearby!
Found 11 gold pieces.
You barely miss the hobgoblin. The hobgoblin hits you with a +0 club.
You closely miss the hobgoblin. The hobgoblin misses you.
You hit the hobgoblin. The hobgoblin closely misses you.
You hit the hobgoblin. The hobgoblin barely misses you.
A hobgoblin comes into view. It is wielding a +0 club.
You hit the hobgoblin but do no damage.
The hobgoblin hits you but does no damage.
You hit the hobgoblin. The hobgoblin completely misses you.
You hit the hobgoblin but do no damage.
The hobgoblin hits you with a +0 club. x2
You closely miss the hobgoblin. The hobgoblin hits you with a +0 club.
* * * LOW HITPOINT WARNING * * *
The hobgoblin hits you with a +0 club.
* * * LOW HITPOINT WARNING * * *
You hit the hobgoblin.
You kill the hobgoblin!
You hit the hobgoblin. The hobgoblin barely misses you.
You closely miss the hobgoblin. The hobgoblin hits you with a +0 club.
You die...

..>..... ..... ###. #
...#... .......... #.
#.#.. ......###. ##..
#...# #...... #.
..>..#...####........###.
#>............#.......##.
.........######.#.# #.###
......##g# #.#.# #....
..... #@######.#.###.#.#
.... #........#.#...#.#
... #..#####.....###.. ##
#..#####.....###..
#...........†.....
..######.....##### ..##
#.....# ### #.....#
#######


You could see a hobgoblin.

Vanquished Creatures
  A gnoll (D:1)
  2 hobgoblins (D:1)
  2 kobolds (D:1)
5 creatures vanquished.

Notes
Turn   | Place    | Note
-------+----------+-------------------------------------------
     0 | D:1      | vurker the Formicid Arcane Marksman began the quest for the
                  | Orb.
     0 | D:1      | Reached XP level 1. HP: 15/15 MP: 2/2
    60 | D:1      | Reached XP level 2. HP: 22/22 MP: 3/3
   146 | D:1      | Slain by a hobgoblin

Illustrated notes

Levels and vault maps discovered:
D:1:      scummos_arrival_forest, layout_rooms, minmay_misc_feat_roman,
          minmay_lizard_king

Action                   || total
-------------------------++-------
Melee: Whip              ||    16
 Fire: Hand crossbow     ||     6
Armor: Robe              ||     1
Dodge: Dodged            ||     9

Table legend:
 A = Non-vault XP
 B = Vault XP
 C = Vault XP percentage of total XP
 D = Non-vault monster count
 E = Vault monster count
 F = Vault count percentage of total count
                 A         B        C        D         E       F
            +---------+---------+-------+---------+---------+-------
      Total |      22 |       0 |   0.0 |       5 |       0 |   0.0
            +---------+---------+-------+---------+---------+-------
        D:1 |      22 |       0 |   0.0 |       5 |       0 |   0.0
            +---------+---------+-------+---------+---------+-------
